 Dungeon Crawl Stone Soup version 0.15-a0-413-gc6111ba (webtiles) character file.

923 PolkaDot the Jinx (level 7, -2/46 HPs)
             Began as a Vampire Enchanter on May 5, 2014.
             Splashed by a jelly's acid (13 damage)
             ... on Level 5 of the Dungeon.
             The game lasted 00:17:08 (3334 turns).

PolkaDot the Jinx (Vampire Enchanter)               Turns: 3334, Time: 00:17:09

HP  -2/46        AC  3     Str  8      XL: 7   Next: 34%
MP   6/12        EV 14     Int 17      God:
Gold 244         SH  0     Dex 15      Spells:  3 memorised,  1 level left

rFire  + . .     SeeInvis +     j - +3,+5 dagger
rCold  + + .     Clarity  .     b - +1 robe
rNeg   + + +     Conserve .     (no shield)
rPois  +         rCorr    .     (no helmet)
rElec  .         rRot     +     (no cloak)
SustAb . .       Spirit   .     (no gloves)
rMut   .         Warding  .     (no boots)
Saprov . . .     Stasis   .     (no amulet)
MR     .....                    u - ring of protection from fire
                                l - +2 ring of evasion

@: non-regenerating, not resistant to hostile enchantments, quite stealthy
A: bottle blood, fangs 3, see invisible, unbreathing
a: Bat Form, Bottle Blood


You were on level 5 of the Dungeon.
You were bloodless.

You visited 1 branch of the dungeon, and saw 5 of its levels.

You collected 244 gold pieces.

Inventory:

Hand weapons
 j - a +3,+5 dagger (weapon)
Missiles
 d - 12 darts (quivered)
Armour
 b - a +1 robe (worn)
Scrolls
 e - 2 scrolls of amnesia
 g - a scroll of remove curse
 i - 2 scrolls of teleportation
 o - 2 scrolls of recharging
Jewellery
 l - a +2 ring of evasion (left hand)
 u - a ring of protection from fire (right hand)
Potions
 a - 2 potions of mutation {!q}
 f - a potion of might
 k - 3 potions of curing
 m - a potion of paralysis {unknown}
 p - 2 potions of lignification
 q - a potion of magic {unknown}
 s - a potion of restore abilities {unknown}
 v - 2 potions of heal wounds {unknown}
Books
 c - a book of Maledictions

   Spells                             Type                      Level
   *Corona                            Hexes                        1
   Sure Blade                         Hexes/Charms                 2
   *Ensorcelled Hibernation           Hexes/Ice                    2
   Confuse                            Hexes                        3
   Dazzling Spray                     Conjuration/Hexes            3
   Enslavement                        Hexes                        4
 n - a book of Wizardry

   Spells                             Type                      Level
   Summon Elemental                   Summoning                    4
   Agony                              Necromancy                   5
   Force Lance                        Conjuration                  5
   Haste                              Charms                       6
   *Invisibility                      Hexes                        6
   Spellforged Servitor               Conjuration/Summoning        7


   Skills:
 - Level 1.1 Short Blades
 - Level 0.7 Throwing
 - Level 2.1 Dodging
 + Level 7.7 Stealth
 - Level 2.2 Spellcasting
 * Level 10.2 Hexes


You had one spell level left.
You knew the following spells:

 Your Spells              Type           Power        Failure   Level  Hunger
a - Corona                Hex            #####..      1%          1    #......
d - Ensorcelled Hibernat  Hex/Ice        ###...       3%          2    ##.....
i - Invisibility          Hex            #####...     50%         6    #######


Dungeon Overview and Level Annotations

Branches:
Dungeon (5/15)             Temple (0/1) D:5

Altars:
Zin


Innate Abilities, Weirdness & Mutations

You do not heal naturally.
You can bottle blood from corpses.
You have razor-sharp teeth.*
You have supernaturally acute eyesight.
You can survive without breathing.*


Message History

The orc is severely wounded.
The orc wizard gestures wildly while chanting.
The orc wizard blinks!
The orc hits you with a mace.
* * * LOW HITPOINT WARNING * * *
You barely miss the orc.
The orc is severely wounded.
The orc barely misses you.
You hit the orc.
You kill the orc!
Casting: Ensorcelled Hibernation
Confirm with . or Enter, or press ? or * to list all spells.
Aiming: Ensorcelled Hibernation
Press: ? - help, Shift-Dir - straight line, f - jelly
Aim: a jelly The jelly resists with significant effort.
You hear a slurping noise.
The jelly splits in two!
The jelly hits you.
* * * LOW HITPOINT WARNING * * *
You are splashed with acid!
The acid burns!
You die...

........# .........#
....#...# .........#
.⌠..#...#####.........#
%...................<.#
....#[..######.####..########
##.##........................
.............................
###########...J##....########
.....<.# #....J@..o.........
.......# ###..##........####
.......# #..##........#
.......######..##........#
..............oo......(.....
.........................###
.....##.####...............
....##...###.#.#####.#.####
...##.%...##...#####.#.#


You could see 2 jellies and an orc wizard.

Vanquished Creatures
  An ogre (D:5)
  The ghost of flammableBen the Sneak, an average SpEn (D:3)
  2 jellies (D:5)
  3 orc priests
  4 orc wizards
  4 worker ants
  6 adders
  A worm (D:4)
  A giant eyeball (D:4)
  An ooze (D:3)
  15 orcs
  A bat skeleton (D:4)
  7 hobgoblins
  3 jackals (D:5)
  13 kobolds
  13 bats
  5 giant cockroaches
  8 giant newts
  9 goblins
  A kobold skeleton (D:4)
  An orc zombie (D:5)
  2 quokkas
  12 rats
114 creatures vanquished.

Notes
Turn   | Place    | Note
--------------------------------------------------------------
     0 | D:1      | PolkaDot, the Vampire Enchanter, began the quest for the Orb.
     0 | D:1      | Reached XP level 1. HP: 13/13 MP: 3/3
   450 | D:1      | Reached XP level 2. HP: 19/19 MP: 4/4
   650 | D:1      | Reached skill level 5 in Hexes
   859 | D:2      | Reached XP level 3. HP: 21/24 MP: 6/6
  1280 | D:2      | Learned a level 2 spell: Ensorcelled Hibernation
  1464 | D:3      | Noticed flammableBen's ghost (average SpEn)
  1489 | D:3      | Killed flammableBen's ghost
  1489 | D:3      | Reached skill level 5 in Stealth
  1489 | D:3      | Reached skill level 6 in Hexes
  1489 | D:3      | Reached XP level 4. HP: 18/30 MP: 7/7
  1586 | D:3      | Reached XP level 5. HP: 28/35 MP: 1/9
  1667 | D:3      | Reached skill level 7 in Hexes
  2364 | D:4      | Paralysed by a giant eyeball for 3 turns
  2376 | D:4      | Paralysed by a giant eyeball for 3 turns
  2418 | D:4      | Reached skill level 8 in Hexes
  2418 | D:4      | Reached XP level 6. HP: 38/41 MP: 3/10
  3026 | D:5      | Entered Level 5 of the Dungeon
  3028 | D:5      | Reached skill level 9 in Hexes
  3042 | D:5      | Found a glowing silver altar of Zin.
  3050 | D:5      | Reached XP level 7. HP: 46/46 MP: 9/12
  3146 | D:5      | Got a tattered robe
  3194 | D:5      | Learned a level 6 spell: Invisibility
  3246 | D:5      | Found a staircase to the Ecumenical Temple.
  3263 | D:5      | Reached skill level 10 in Hexes
  3289 | D:5      | Identified the +0 robe of the Thirteen Moons {rC++ Stlth-} (You found it on level 5 of the Dungeon)
  3334 | D:5      | Splashed by a jelly's acid

Action                   |  1- 3 |  4- 6 |  7- 9 || total
-------------------------+-------+-------+-------++-------
Melee: Dagger            |    94 |   126 |    37 ||   257
 Cast: Ensorcelled Hiber |       |    29 |    18 ||    47
       Corona            |       |       |     2 ||     2
  Use: Potion            |     2 |       |     3 ||     5
       Scroll            |     3 |     8 |     5 ||    16
 Stab: Sleeping          |     9 |    29 |    11 ||    49
       Distracted        |       |     1 |       ||     1
